 Dungeon Crawl Stone Soup version 0.31-a0-210-gccc998df9b (webtiles) character file.

Game seed: 14955208937125001433

55 qw the Shooter (level 3, 0/29 HPs)
             Began as a Minotaur Hexslinger on June 29, 2023.
             Succumbed to an adder's poison
             ... on level 2 of the Dungeon.
             The game lasted 00:00:23 (1238 turns).

qw the Shooter (Minotaur Hexslinger)                Turns: 1238, Time: 00:00:24

Health: 0/29       AC:  2    Str: 12    XL:     3   Next: 67%
Magic:  3/3        EV: 12    Int: 10    God:
Gold:   25         SH:  0    Dex: 14    Spells: 3/4 levels left

rFire   . . .        Y - +1 sling
rCold   . . .        (no shield)
rNeg    . . .        c - +0 robe
rPois   .            (helmet restricted)
rElec   .            (no cloak)
rCorr   .            (no gloves)
SInv    .            (no boots)
Will    .....        (no amulet)
Stlth   +            (no ring)
HPRegen 0.24/turn    (no ring)
MPRegen 0.08/turn

%: no passive effects
@: lethally poisoned (0 -> -4)
A: horns 2, retaliatory headbutt
a: no special abilities


You were on level 2 of the Dungeon.
You visited 1 branch of the dungeon, and saw 2 of its levels.

You collected 25 gold pieces.


Innate Abilities, Weirdness & Mutations

You have a pair of horns on your head.
You reflexively headbutt those who attack you in melee.


   Skills:
 - Level 2.0 Fighting
 + Level 4.2 Ranged Weapons
 - Level 2.1 Dodging
 - Level 1.0 Spellcasting
 - Level 2.0 Hexes


You had 3 spell levels left.
You knew the following spells:

 Your Spells              Type           Power      Damage    Failure   Level
a - Slow                  Hex            16%        N/A       16%         1

Your spell library contained the following spells:

 Spells                   Type           Power      Damage    Failure   Level
 Inner Flame              Hex/Fire       2%         N/A       56%         3
 Portal Projectile        Hex/Tloc       4%         N/A       56%         3
 Cause Fear               Hex            2%         N/A       83%         4

Inventory:

Hand Weapons
 Y - a +1 sling (weapon)
Armour
 c - a +0 robe (worn)
 d - a +0 pair of gloves
Jewellery
 b - a ring of protection from fire
Potions
 a - a potion of might {unknown}
 f - a potion of resistance {unknown}
 h - a potion of mutation {unknown}
 i - a potion of curing {unknown}
 j - a potion of cancellation {unknown}

Dungeon Overview and Level Annotations

Branches:
Dungeon (2/15)

Altars:

Shops:
D:1 !


Message History

The sling bullet hits the endoplasm.
The endoplasm is heavily wounded.
The adder bites you.
You are poisoned.
The adder poisons you! The adder closely misses you.
You shoot a sling bullet.
The sling bullet closely misses the adder.
The sling bullet barely misses the endoplasm.
You feel sick. The adder misses you.
The endoplasm jiggles.
The adder closely misses you.
You shoot a sling bullet.
The sling bullet closely misses the adder.
The sling bullet hits the endoplasm.
You kill the endoplasm!
You feel sick. The adder bites you but does no damage.
Your Ranged Weapons skill increases to level 4!
You shoot a sling bullet.
The sling bullet closely misses the adder.
You feel sick. The adder bites you.
You are more poisoned.
The adder poisons you! The adder barely misses you.
You shoot a sling bullet. The sling bullet misses the adder.
You feel sick. The adder bites you.
You shoot a sling bullet. The sling bullet hits the adder.
The adder is heavily wounded.
You feel sick. The adder bites you.
You are more poisoned.
The adder poisons you! The adder bites you.
You shoot a sling bullet. The sling bullet misses the adder.
You feel very sick. The adder closely misses you.
You shoot a sling bullet. The sling bullet hits the adder.
The adder is almost dead.
You feel sick. The adder bites you. x2
You shoot a sling bullet. The sling bullet hits the adder.
You kill the adder!
You feel sick.
There is a lethal amount of poison in your body!
You die...

#...........#
##.########## #.#
#.# ### #.# #.. #.#
#.# ##.###.# #
##...##.###.####
#.....#..@%....#
####...##..##......
............# ...#.
######..##.## ....
.....##... ...
#.#.#.###### .. #
#.#.# . #.#.. #.#..


There were no monsters in sight!

Vanquished Creatures
  3 adders (D:2)
  A worm (D:2)
  A dart slug (D:1)
  3 bats
  6 endoplasms
  A quokka (D:1)
  2 ball pythons (D:1)
  2 frilled lizards (D:1)
  3 goblins (D:1)
  2 rats (D:1)
24 creatures vanquished.

Notes
Turn   | Place    | Note
-------+----------+-------------------------------------------
     0 | D:1      | qw the Minotaur Hexslinger began the quest for the Orb.
     0 | D:1      | Reached XP level 1. HP: 16/16 MP: 1/1
     0 | D:1      | 0 ||| qw: Version: 0.3-a-24-ga2abf7b
     0 | D:1      | 0 ||| qw: Game counter: 6851
     0 | D:1      | 0 ||| qw: Melee chars always use a shield: true
     0 | D:1      | 0 ||| qw: God list: Okawaru
     0 | D:1      | 0 ||| qw: Allow faded altars: false
     0 | D:1      | 0 ||| qw: Do Orc after clearing Dungeon:15 true
     0 | D:1      | 0 ||| qw: Do second Lair branch before Depths: true
     0 | D:1      | 0 ||| qw: Lair rune preference: random
     0 | D:1      | 0 ||| qw: Goals: Normal
     0 | D:1      | 0 ||| PLANNING D:1-11
    59 | D:1      | Found Eklis's Distillery.
    71 | D:1      | 71 ||| SHOPLISTING potion of curing (30 gold, have 0).
    71 | D:1      | 71 ||| SHOPLISTING potion of haste (100 gold, have 0).
    71 | D:1      | 71 ||| SHOPLISTING potion of mutation (80 gold, have 0).
   147 | D:1      | Reached skill level 3 in Ranged Weapons
   173 | D:1      | Reached XP level 2. HP: 23/23 MP: 2/2
   339 | D:1      | Found a faded altar of an unknown god.
   834 | D:1      | 834 ||| READING scroll labelled GEOVVAXOLET.
   835 | D:1      | 835 ||| READING scroll labelled KAHO WYOMP.
   836 | D:1      | 836 ||| READING scroll labelled EJUSIR FOPREST.
   837 | D:1      | 837 ||| DROPPING scroll of poison.
   927 | D:2      | Reached XP level 3. HP: 29/29 MP: 3/3
  1042 | D:2      | HP: 6/29 [poisoned by an adder]
  1044 | D:2      | HP: 2/29 [adder (3)]
  1232 | D:2      | Reached skill level 4 in Ranged Weapons
  1235 | D:2      | HP: 6/29 [poisoned by an adder]
  1236 | D:2      | HP: 1/29 [adder (2)]
  1238 | D:2      | Succumbed to an adder's poison

Levels and vault maps discovered:
D:1:      sevenhm_arrival_forest_fort_large_2, layout_loops_ring, serial_shops,
          shop, ebering_ecumenical_altar_box, nicolae_eternal_life,
          grunt_decor_clamped
D:2:      layout_loops_corners, hangedman_decor_push, minmay_misc_feat_rows

Skill      XL: |  1  2  3 |
---------------+----------+-----
Ranged Weapons | 3 4 |  4.2
Fighting       | 2 |  2.0
Dodging        | |  2.1
Spellcasting   | |  1.0
Hexes          | |  2.0

Action                     || total
---------------------------++-------
   Fire: Sling             ||    99
    Use: Scroll            ||     3
 Armour: Robe              ||    11
  Dodge: Dodged            ||    36

Table legend:
 A = Non-vault XP
 B = Vault XP
 C = Vault XP percentage of total XP
 D = Non-vault monster count
 E = Vault monster count
 F = Vault count percentage of total count
                 A         B        C        D         E       F
            +---------+---------+-------+---------+---------+-------
      Total |      79 |       0 |   0.0 |      24 |       0 |   0.0
            +---------+---------+-------+---------+---------+-------
        D:1 |      25 |       0 |   0.0 |      16 |       0 |   0.0
        D:2 |      54 |       0 |   0.0 |       8 |       0 |   0.0
            +---------+---------+-------+---------+---------+-------
